Map: Dusty Gorge

Players

Raven

  • Race: Zerg Zerg
  • Spawn Location: 9:00

dewed

  • Race: Terran Terran
  • Spawn Location: 11:00

PureLegacy - Winner!

  • Race: Terran Terran
  • Spawn Location: 5:00

Ravenfury - Winner!

  • Race: Terran Terran
  • Spawn Location: 3:00

VOD

Have the link to the VOD?

Description

Time

  • Played on: Nov. 22, 2018, 8:59 p.m.
  • Length: 5:04
Show
View Real Time Build Order
Export as new Build Order

Raven Zerg 

Build Orders: Hatch First 

Get SALT Encoding   

  12  0:01  Drone  
  13  0:16  Drone  
  14  0:40  Hatchery  
  13  0:47  Drone  
  14  0:56  Spawning Pool  
  13  0:59  Drone  
  14  1:10  Overlord  
  14  1:29  Extractor  
  13  1:47  Zergling x6  
  16  1:56  Queen  
  16  1:57  Queen  
  16  1:59  Zergling x4  
  23  2:08  Zergling x2  
  20  2:53  Metabolic Boost  
  19  3:06  Zergling x2  
  19  3:07  Zergling x10  
  23  3:20  Zergling x2  
  23  3:21  Zergling x2  
  25  3:32  Drone  
  25  3:34  Drone x2  
  28  3:54  Zergling x2  
  28  3:55  Zergling x2  
  27  3:57  Overlord x3  
  24  4:10  Zergling x4  
  24  4:11  Zergling x4  
  26  4:24  Zergling x2  
  26  4:25  Zergling x6  
Show
View Real Time Build Order
Export as new Build Order

dewed Terran 

Build Orders: Reaper Expand 

Get SALT Encoding   

  12  0:06  SCV  
  13  0:16  Supply Depot  
  13  0:19  SCV  
  14  0:31  SCV  
  15  0:47  Barracks  
  15  0:57  Supply Depot, SCV  
  16  1:04  Refinery  
  16  1:09  SCV  
  17  1:26  Barracks  
  17  1:47  Engineering Bay  
  17  2:17  Command Center  
  17  2:27  Reaper  
  17  2:54  Reaper  
  18  2:59  Reaper  
  18  3:01  SCV  
  19  3:26  Reaper  
  11  4:01  SCV  
  12  4:06  SCV  
  5  4:13  SCV  
  5  4:18  SCV  
  6  4:25  SCV  
  6  4:28  Barracks Reactor  
  6  4:30  SCV  
  8  4:37  SCV  
  9  4:42  SCV  
  10  4:49  SCV  
Show
View Real Time Build Order
Export as new Build Order

PureLegacy Terran - Winner!

Build Orders:  

Get SALT Encoding   

  12  0:01  SCV  
  13  0:13  SCV  
  14  0:18  Supply Depot  
  14  0:25  SCV  
  15  0:30  Refinery  
  15  0:40  SCV  
  16  0:46  Barracks  
  16  0:52  SCV  
  17  1:05  Barracks  
  17  1:18  Barracks  
  17  1:23  SCV  
  18  1:32  Reaper  
  19  1:42  Orbital Command  
  19  1:50  Refinery  
  19  1:55  Reaper  
  19  2:00  Supply Depot  
  20  2:05  Reaper  
  21  2:09  Reaper  
  23  2:15  SCV  
  23  2:24  Supply Depot  
  23  2:27  SCV  
  23  2:28  Reaper  
  25  2:45  Reaper  
  25  2:46  Reaper  
  25  2:48  SCV  
  28  3:00  Reaper, SCV  
  30  3:17  Reaper  
  31  3:22  Reaper  
  31  3:25  Command Center  
  32  3:29  SCV  
  33  3:34  Reaper  
  34  3:49  Reaper  
  34  3:54  Reaper  
  35  4:00  SCV  
  36  4:04  Supply Depot  
  36  4:05  Barracks  
  36  4:07  Barracks  
  37  4:10  Reaper  
  37  4:21  Reaper  
  38  4:27  Reaper  
Show
View Real Time Build Order
Export as new Build Order

Ravenfury Terran - Winner!

Build Orders:  

Get SALT Encoding   

  12  0:01  SCV  
  13  0:18  SCV  
  13  0:20  Supply Depot  
  14  0:30  SCV  
  15  0:42  SCV  
  16  0:44  Barracks  
  16  0:51  Refinery  
  16  0:54  SCV  
  17  1:18  SCV  
  18  1:31  Marine  
  19  1:33  Supply Depot, SCV  
  19  1:37  Refinery  
  20  1:58  Factory  
  20  2:01  Orbital Command  
  20  2:17  Command Center  
  20  2:28  SCV  
  21  2:53  Starport  
  21  2:58  SCV  
  22  3:10  Marine, SCV  
  24  3:29  Marine  
  24  3:30  Refinery  
  24  3:34  Starport Tech Lab  
  24  3:37  Fusion Core  
  24  3:39  Orbital Command  
  24  3:47  Marine  
  25  4:05  Marine, SCV  
  25  4:08  SCV  
  28  4:17  SCV  
  28  4:20  SCV  
  36  4:35  SCV x2  
Tags
 
Add a new tag
Caveats
  • Supply blocks, unpowered buildings, or Contaminate may cause inaccurate times.
  • Supply counts are checked every 10 seconds.